 Dungeon Crawl Stone Soup version 0.24.0-37-gcf1ca852f1 (webtiles) character file.

Game seed: 16149722443576628869, levelgen mode: deterministic

9 FishyPogo the Grave Robber (level 2, -1/20 HPs)
             Began as a Demonspawn Necromancer on Nov 22, 2019.
             Slain by a gnoll
             ... wielding a cursed +0 spear
              (7 damage)
             ... on level 1 of the Dungeon.
             The game lasted 00:02:06 (454 turns).

FishyPogo the Grave Robber (Demonspawn Necromancer)  Turns: 454, Time: 00:02:07

Health: -1/20      AC:  2    Str:  8    XL:     2   Next: 3%
Magic:  0/5        EV: 12    Int: 16    God:
Gold:   5          SH:  0    Dex: 13    Spells: 3/5 levels left

rFire    . . .     SeeInvis .   (no weapon)
rCold    . . .     Gourm    .   (no shield)
rNeg     . . .     Faith    .   a - +0 robe
rPois    .         Spirit   .   (no helmet)
rElec    .         Reflect  .   (no cloak)
rCorr    .         Harm     .   (no gloves)
MR       .....                  (no boots)
Stlth    ++........             (no amulet)
HPRegen  0.06/turn              (no ring)
MPRegen  0.09/turn              (no ring)

@: no status effects
A: demonic guardian 1
a: no special abilities


You were on level 1 of the Dungeon.
You were not hungry.

You visited 1 branch of the dungeon, and saw 1 of its levels.

You collected 5 gold pieces.

Inventory:

Armour
 a - a +0 robe (worn)
Scrolls
 d - a scroll of identify {unknown}
Comestibles
 c - a ration


   Skills:
 + Level 0.4 Fighting
 + Level 1.9 Dodging
 - Level 2.0 Stealth
 - Level 2.0 Spellcasting
 * Level 4.6 Necromancy


You had 3 spell levels left.
You knew the following spells:

 Your Spells              Type           Power        Failure   Level  Hunger
a - Pain                  Necr           ###.         3%          1    #......
y - Animate Skeleton      Necr           N/A          3%          1    #......

Your spell library contained the following spells:

 Spells                   Type           Power        Failure   Level  Hunger
 Vampiric Draining        Necr           ###.......   10%         3    ###....
 Regeneration             Chrm/Necr      #.........   24%         3    ###....
 Animate Dead             Necr           N/A          30%         4    #####..


Dungeon Overview and Level Annotations

Branches:
Dungeon (1/15)

Altars:


Innate Abilities, Weirdness & Mutations

A weak demonic guardian rushes to your aid.


Message History

Aim: a gnoll, wielding a +0 spear (lightly wounded, chance to defeat MR: 81%)
The gnoll barely resists.
Casting: Pain (safe; 3% risk of failure)
Confirm with . or Enter, or press ? or * to list all spells.
Aiming: Pain (safe; 3% risk of failure)
Press: ? - help, Shift-Dir - straight line, f/p - gnoll
Aim: a gnoll, wielding a +0 spear (lightly wounded, chance to defeat MR: 81%)
The gnoll writhes in agony.
The gnoll misses you. The gnoll closely misses you.
You closely miss the gnoll.
The gnoll is heavily wounded.
The gnoll hits you with a cursed +0 spear.
You closely miss the gnoll.
The gnoll is heavily wounded.
The gnoll hits you with a cursed +0 spear!
* * * LOW HITPOINT WARNING * * *
You hit the gnoll but do no damage.
The gnoll is heavily wounded.
The gnoll hits you with a cursed +0 spear!
You die...

#....##......##.#
..###....##......##.#
........#......##.#
#.....#......##..
#............####
#####....#.......+..#
#.....####.......##.#
#.....####.#+######.#
+...@...........÷÷.)÷
#..g..#####..#.###.##
#.....# #..#.# #.#
#.....# #..#.# #.#
#.....# ##.#.# ...
####### #.... #.#
#..## #.# #... ...
#...


You could see a gnoll.

Vanquished Creatures
  3 hobgoblins (D:1)
  2 jackals (D:1)
  2 rats (D:1)
7 creatures vanquished.

Vanquished Creatures (collateral kills)
  A jackal (D:1)
1 creature vanquished.

Grand Total: 8 creatures vanquished

Notes
Turn   | Place    | Note
-------+----------+-------------------------------------------
     0 | D:1      | FishyPogo the Demonspawn Necromancer began the quest for
                  | the Orb.
     0 | D:1      | Reached XP level 1. HP: 13/13 MP: 3/3
    43 | D:1      | Learned a level 1 spell: Animate Skeleton
   198 | D:1      | Gained mutation: A weak demonic guardian rushes to your
                  | aid. [demonic ancestry]
   198 | D:1      | Reached XP level 2. HP: 6/20 MP: 0/5
   454 | D:1      | Slain by a gnoll

Levels and vault maps discovered:
D:1:      saegor_arrival_simple_c, layout_basic, nrook_campfire

Skill      XL: |  1 |
---------------+----+-----
Stealth        | 2 |  2.0
Fighting       | |  0.4
Dodging        | |  1.9
Spellcasting   | |  2.0
Necromancy     | |  4.6

Action                   || total
-------------------------++-------
Melee: Unarmed           ||    17
 Cast: Pain              ||    15
       Animate Skeleton  ||     3
Armor: Robe              ||     3
Dodge: Dodged            ||     8
